 Dungeon Crawl Stone Soup version 0.26-a0-651-gb41185065b (webtiles) character file.

Game seed: 8987710298265093943

194846 Flugslaktarn the Severer (level 17, 48/170 HPs)
             Began as a Deep Dwarf Fighter on Oct 8, 2020.
             Was the Champion of Makhleb.
             Quit the game on level 1 of the Depths.
             The game lasted 00:15:38 (20262 turns).

Flugslaktarn the Severer (Deep Dwarf Fighter)      Turns: 20262, Time: 00:15:39

Health: 48/170     AC: 30    Str: 25 (26) XL:     17   Next: 30%
Magic:  2/2        EV: 17    Int:  6      God:    Makhleb [******]
Gold:   3971       SH: 13    Dex: 14      Spells: 16/16 levels left

rFire    + . .     SeeInvis .   D - +9 war axe (vorpal)
rCold    . . .     Faith    +   c - +0 kite shield
rNeg     + . .     Spirit   .   e - +0 plate armour
rPois    .         Reflect  .   s - +2 helmet
rElec    .         Harm     .   b - +2 cloak
rCorr    .         Rampage  .   k - +2 pair of gloves
MR       +++..                  m - +2 pair of boots "Hetulina" {rF+ MR+}
Stlth    ..........             p - amulet of faith
HPRegen  0.00/turn              v - +4 ring of evasion
MPRegen  0.08/turn              K - +4 ring of protection

@: corroded, non-regenerating
A: damage resistance, heal wounds, deterioration 1, dopey 1, negative energy
resistance 1, sense surroundings 2, no regeneration
}: 2/15 runes: decaying, serpentine
a: Heal Wounds, Minor Destruction, Lesser Servant of Makhleb, Major Destruction,
Greater Servant of Makhleb, Renounce Religion


You were on level 1 of the Depths.
You worshipped Makhleb.
Makhleb was exalted by your worship.
You visited 7 branches of the dungeon, and saw 31 of its levels.
You visited the Abyss 1 time.
You also visited: Ossuary.

You collected 3971 gold pieces.

Inventory:

Hand Weapons
 D - a +9 vorpal war axe (weapon)
   (You took it off a wight on level 8 of the Dungeon)
 F - a +4 broad axe
   (You found it on level 4 of the Snake Pit)
Armour
 b - a +2 cloak (worn)
   (You found it on level 6 of the Dungeon)
 c - a +0 kite shield (worn)
 e - a +0 plate armour (worn)
   (You found it on level 1 of the Dungeon)
 k - a +2 pair of gloves (worn)
   (You found it on level 7 of the Dungeon)
 m - the +2 pair of boots "Hetulina" (worn) {rF+ MR+}
   (You acquired it on level 12 of the Dungeon)

   It protects you from fire.
   It affects your resistance to hostile enchantments.
 s - a +2 helmet (worn)
   (You found it on level 7 of the Dungeon)
 M - a +2 chain mail of cold resistance
   (You found it on level 4 of the Lair of Beasts)
Jewellery
 p - an amulet of faith (around neck)
   (You found it on level 7 of the Dungeon)
 u - a +6 ring of strength
   (You found it on level 10 of the Dungeon)
 v - a +4 ring of evasion (left hand)
   (You found it on level 2 of the Snake Pit)
 K - a +4 ring of protection (right hand)
   (You found it on level 2 of the Lair of Beasts)
Wands
 g - a wand of digging (8)
   (You found it on level 2 of the Lair of Beasts)
 q - a wand of enslavement (5)
   (You found it on level 4 of the Swamp)
 G - a wand of paralysis (17)
   (You found it on level 2 of the Lair of Beasts)
 H - a wand of iceblast (17)
   (You found it on level 14 of the Dungeon)
Scrolls
 a - 5 scrolls of enchant armour
 l - 4 scrolls of magic mapping
 r - 9 scrolls of identify
 t - 5 scrolls of teleportation
 x - 5 scrolls of remove curse
 y - 4 scrolls of fear
 z - 4 scrolls of blinking
 B - 3 scrolls of immolation
 C - 2 scrolls of silence
Potions
 d - 2 potions of might
 f - 6 potions of cancellation
 h - a potion of haste
 i - a potion of ambrosia
 j - 4 potions of magic
 n - a potion of resistance
 o - 4 potions of lignification
 w - a potion of heal wounds
 A - 2 potions of mutation
 E - a potion of invisibility
 L - 3 potions of flight


   Skills:
 * Level 15.1 Fighting
 - Level 16.0 Axes
 + Level 13.2 Armour
 - Level 11.0 Dodging
 + Level 12.3 Shields
 + Level 14.5 Invocations
 + Level 8.3 Evocations


You had 16 spell levels left.
You didn't know any spells.
Your spell library was empty.

Dungeon Overview and Level Annotations

Branches:
Dungeon (15/15)            Temple (1/1) D:4            Lair (4/6) D:8
  Swamp (4/4) Lair:3        Snake (4/4) Lair:4          Orc (2/2) D:9
    Elf (0/3) Orc:2        Vaults (0/5) D:14         Depths (1/5) D:15
Ossuary (visited)

Altars:
Ashenzari
Cheibriados
Dithmenos
Elyvilon
Fedhas
Gozag
Hepliaklqana
Makhleb
Qazlal
Ru
Sif Muna
Trog
Uskayaw
Vehumet
Wu Jian
Xom
Zin
The Shining One
Beogh

Shops:
D:8 *   Orc:2 :!(==

Portals:
Abyss: Depths:1
Pandemonium: Depths:1

Annotations:
D:4 1 exclusion
D:5 1 runed translucent door, ma3's ghost, amateur SpCj
D:6 2 transporters, EnegeticOcto's ghost, novice DDFi
D:11 1 runed translucent door
Snake:4 1 runed translucent door, p0werm0de's ghost, adept MiFi


Innate Abilities, Weirdness & Mutations

You are resistant to damage.
You can heal yourself by infusing magical energy.
You resist negative energy. (rN+)
You passively map the area around you.
You do not regenerate.
Your body sometimes deteriorates upon taking damage.
You are dopey. (Int -2)


Message History

The rust devil is moderately wounded.
The tormentor calls on the powers of darkness!
Your body is wracked with pain!
* * * LOW HITPOINT WARNING * * *
You feel much better. The rust devil barely misses you.
You hit the rust devil but do no damage.
The rust devil is moderately wounded.
You hit the rust devil. You block the rust devil's attack.
The rust devil hits you. The rust devil corrodes you!
You are too injured to fight recklessly!
You barely miss the rust devil.
The rust devil is moderately wounded.
You slash the rust devil! x2; You block the rust devil's attack.
The rust devil misses you. The rust devil closely misses you.
You are too injured to fight recklessly!
You hit the rust devil.
The rust devil is heavily wounded.
You slash the rust devil! x2
You are too injured to fight recklessly!
Are you sure you want to abandon this character and quit the game? (Confirm with "yes".)

** * * , ,
##......##, ,
#........# **
+........+ ,
+...∩....+.# *.!
*,#........#.###..,,
#...2..##...... ,,
#.444##....... ,
...##'@##....^...,
*..................
,, *
..######..........
,, , #.......... ,,
*+ #####.......... ,
, *,,,
............... ,
.!............. , *
, ,
.......[[......,, *
......†.†...... ,


You could see 3 rust devils and a tormentor.

Vanquished Creatures
  the Lernaean hydra (Swamp:4)
  3 tentacled starspawn
  Frances (D:14)
  2 nagarajas (Snake:4)
  Louise (Snake:1)
  A fire giant (Depths:1)
  3 very ugly things
  Nessos (D:14)
  A lorocyproca (Abyss:2)
  A green death (Abyss:2)
  3 fire dragons
  A vault guard (D:14)
  11 hydras
  A catoblepas (Lair:2)
  A shambling mangrove (Swamp:4)
  8 naga warriors
  A ghost crab (Swamp:4)
  4 anacondas
  2 centaur warriors
  4 ogre magi (Orc:2)
  14 two-headed ogres
  7 alligators
  A deep troll earth mage (Depths:1)
  3 thrashing horrors
  An orc high priest (Orc:1)
  4 shock serpents
  A shock serpent (shapeshifter) (Abyss:1)
  11 naga sharpshooters
  7 spriggans
  3 wretched stars
  A sixfirhy (Abyss:1)
  4 unseen horrors
  3 deep trolls (Depths:1)
  A spriggan druid (Swamp:3)
  7 naga ritualists
  7 swamp dragons (Swamp:4)
  2 wolf spider zombies
  8 ugly things
  2 orc knights (Orc:1)
  A wolf spider (D:15)
  6 large abominations
  5 mana vipers
  2 cyclopes
  4 worldbinders
  5 salamanders
  7 elephants
  2 guardian serpents (Snake:3)
  3 smoke demons (Abyss:2)
  21 black mambas
  A gargoyle (D:12)
  20 naga magi
  6 cane toads
  A rime drake (shapeshifter) (D:15)
  An orange demon (Abyss:2)
  A rime drake (Lair:1)
  An efreet (Abyss:1)
  3 yaktaurs
  5 komodo dragons
  3 ancient zymes
  6 trolls
  4 tengu conjurers
  3 tyrant leeches
  11 hornets
  6 blink frogs (Lair:2)
  A wind drake (shapeshifter) (D:11)
  18 slime creatures
  6 hippogriffs
  15 bog bodies
  2 shadows
  3 wraiths
  A wyvern (Lair:4)
  8 yaks
  A ynoxinul (Abyss:2)
  A vampire (D:13)
  A human (shapeshifter) (D:13)
  5 basilisks
  A basilisk (shapeshifter) (Abyss:3)
  A chaos spawn (Depths:1)
  3 neqoxecs
  A golden eye (Abyss:2)
  20 vampire mosquitoes
  5 swamp worms
  4 wargs
  A soldier ant (Depths:1)
  An acid dragon (D:15)
  27 nagas
  5 porcupines
  16 orc warriors
  3 water moccasins (Lair:2)
  9 swamp drakes (Swamp:4)
  6 sky beasts
  2 black bears
  An eye of draining (Abyss:1)
  5 ice beasts
  35 ogres
  A black bear (shapeshifter) (D:13)
  A phantom (D:5)
  2 starcursed masses (Abyss:1)
  A necrophage (D:12)
  13 centaurs
  6 crocodiles
  A wyvern zombie (D:13)
  3 big kobolds
  12 bullfrogs
  A gnoll sergeant (D:7)
  14 small abominations
  A wyvern skeleton (D:10)
  4 scorpions
  A water moccasin skeleton (D:10)
  3 killer bees (D:10)
  13 wights
  2 vampire bats (Orc:2)
  A howler monkey (D:11)
  4 bullfrog zombies
  3 quasits
  6 centaur zombies
  12 orc priests
  6 hounds
  4 jellies
  4 centaur skeletons
  19 orc wizards
  2 bullfrog skeletons
  5 iguanas
  10 worker ants
  A killer bee zombie (D:7)
  15 mummies (Ossuary)
  4 worker ant zombies
  8 gnolls
  11 adders
  A howler monkey skeleton (D:4)
  2 shadow imps
  2 white imps
  2 ufetubi
  3 adder zombies
  2 adder skeletons
  A worm (D:6)
  5 leopard geckos
  65 orcs
  5 ball pythons
  9 bats
  3 giant cockroaches
  4 goblins
  A hobgoblin (D:1)
  A jackal (D:4)
  4 quokkas
  2 frilled lizards (D:4)
  A jackal zombie (Ossuary)
  10 kobolds
  A quokka skeleton (D:4)
  2 quokka zombies (Ossuary)
  A rat (D:1)
  2 starspawn tentacles
797 creatures vanquished.

Vanquished Creatures (collateral kills)
  2 nagarajas (Snake:4)
  2 naga warriors (Snake:4)
  2 hydras
  A black mamba (Snake:4)
  4 elephants (Lair:4)
  2 naga magi (Snake:4)
  5 nagas (Snake:4)
18 creatures vanquished.

Vanquished Creatures (others)
  A naga sharpshooter (Snake:4)
  A swamp worm (Swamp:4)
  A bush (Swamp:4)
  14 fungi
  16 plants
  3 starspawn tentacles
  6 withered plants (Ossuary)
42 creatures vanquished.

Grand Total: 857 creatures vanquished

Notes
Turn   | Place    | Note
-------+----------+-------------------------------------------
     0 | D:1      | Flugslaktarn the Deep Dwarf Fighter began the quest for the
                  | Orb.
     0 | D:1      | Reached XP level 1. HP: 20/20 MP: 1/1
   270 | D:1      | Reached XP level 2. HP: 18/27 MP: 2/2
   452 | D:4      | Reached XP level 3. HP: 32/34 MP: 2/2
   469 | D:4      | Reached skill level 3 in Axes
   472 | D:4      | Reached XP level 4. HP: 25/42 MP: 2/2
   586 | D:4      | Reached XP level 5. HP: 24/50 MP: 1/1
   802 | D:4      | Noticed an ogre
   813 | D:4      | Killed an ogre
   813 | D:4      | Reached skill level 4 in Axes
   841 | D:4      | Reached XP level 6. HP: 48/57 MP: 2/2
   940 | D:5      | Entered Level 5 of the Dungeon
  1002 | D:5      | Found an ornate altar of the Wu Jian Council.
  1162 | D:4      | Found a staircase to the Ecumenical Temple.
  1176 | Temple   | Entered the Ecumenical Temple
  1246 | Temple   | Became a worshipper of Makhleb the Destroyer
  1348 | D:5      | Reached skill level 5 in Axes
  1390 | D:5      | Reached skill level 1 in Invocations
  1395 | D:5      | Reached XP level 7. HP: 33/66 MP: 3/3
  1475 | D:5      | Found a runed translucent door.
  1631 | D:5      | Noticed ma3's ghost (amateur SpCj)
  1721 | D:6      | Found a transporter.
  1721 | D:6      | Found a transporter.
  1721 | D:6      | Noticed EnegeticOcto's ghost (novice DDFi)
  1722 | D:6      | Noticed a two-headed ogre
  1729 | D:6      | Reached skill level 5 in Fighting
  1778 | D:6      | Reached skill level 5 in Armour
  1778 | D:6      | Reached skill level 5 in Shields
  1797 | D:6      | Reached skill level 6 in Axes
  1851 | D:6      | Reached XP level 8. HP: 41/75 MP: 4/6
  2680 | D:7      | Reached * piety under Makhleb
  2782 | D:7      | Reached skill level 7 in Axes
  3295 | D:8      | Gained mutation: You passively map the area around you.
                  | [Deep Dwarf growth]
  3295 | D:8      | Reached XP level 9. HP: 43/85 MP: 6/6
  3526 | D:8      | Reached skill level 5 in Invocations
  3542 | D:8      | Reached ** piety under Makhleb
  3546 | D:8      | Reached skill level 8 in Axes
  3563 | D:8      | Found a sand-covered staircase.
  3568 | Ossuary  | Entered an ossuary
  3777 | Ossuary  | Reached *** piety under Makhleb
  4026 | D:8      | Found a staircase to the Lair.
  4090 | D:8      | Noticed a two-headed ogre
  4111 | D:8      | Killed a two-headed ogre
  4111 | D:8      | Reached skill level 9 in Axes
  4111 | D:8      | Reached XP level 10. HP: 76/96 MP: 2/2
  4193 | D:8      | Found Siwk's Serpentskin Sales.
  4798 | D:9      | Reached **** piety under Makhleb
  4904 | D:9      | Found a staircase to the Orcish Mines.
  4932 | D:9      | Found a roughly hewn altar of Beogh.
  5143 | D:10     | Entered Level 10 of the Dungeon
  5178 | D:10     | Noticed a cyan ugly thing
  5206 | D:10     | Killed a cyan ugly thing
  5206 | D:10     | Reached skill level 1 in Dodging
  5363 | D:10     | Reached skill level 10 in Axes
  5780 | D:10     | Found a white marble altar of Elyvilon.
  6298 | D:11     | You fall into a shaft and drop 2 floors!
  6412 | D:13     | Reached XP level 11. HP: 39/104 MP: 3/3
  6557 | D:12     | Reached ***** piety under Makhleb
  6656 | D:12     | Noticed a green ugly thing
  6670 | D:12     | Killed a green ugly thing
  6820 | D:11     | Found a runed translucent door.
  6820 | D:11     | Noticed a fire giant
  6820 | D:11     | Noticed a sphinx
  6820 | D:11     | Noticed an ettin
  6820 | D:11     | Noticed an ettin
  6822 | D:11     | Noticed a deep troll earth mage
  6822 | D:11     | Noticed a yaktaur captain
  6822 | D:11     | Identified the ring of Carel {+Inv rF+ rN+ MR-}
  6822 | D:11     | Noticed a frost giant
  6822 | D:11     | Noticed a deep troll earth mage
  6987 | D:11     | Identified a scroll of acquirement
  7124 | D:11     | Reached skill level 11 in Axes
  7731 | D:12     | Killed an unseen horror
  7903 | D:12     | Noticed a white ugly thing
  7915 | D:12     | Killed a white ugly thing
  8316 | D:12     | Acquired the +2 pair of boots "Hetulina" {rF+ MR+}
  8442 | D:13     | Reached skill level 10 in Fighting
  8572 | D:13     | Noticed a centaur warrior
  8580 | D:13     | Killed a centaur warrior
  8674 | D:13     | Reached XP level 12. HP: 116/116 MP: 4/4
  8744 | D:13     | Reached skill level 5 in Dodging
  9063 | D:14     | Reached skill level 12 in Axes
  9132 | D:14     | Noticed Frances
  9132 | D:14     | Noticed a centaur warrior
  9156 | D:14     | Killed Frances
  9160 | D:14     | Killed a centaur warrior
  9225 | D:14     | Noticed a two-headed ogre
  9236 | D:14     | Killed a two-headed ogre
  9352 | D:14     | Noticed Nessos
  9359 | D:14     | Reached skill level 10 in Invocations
  9377 | D:14     | Killed Nessos
  9450 | D:14     | Found a gate to the Vaults.
  9450 | D:14     | Noticed a vault guard
  9469 | D:14     | Killed a vault guard
  9700 | D:15     | Entered Level 15 of the Dungeon
  9906 | D:15     | Noticed a fire dragon
  9907 | D:15     | Noticed a fire dragon
  9921 | D:15     | Killed a fire dragon
  9929 | D:15     | Killed a fire dragon
  9930 | D:15     | Found a staircase to the Depths.
 10051 | D:15     | Reached XP level 13. HP: 66/127 MP: 6/6
 10338 | D:15     | Reached ****** piety under Makhleb
 10371 | D:15     | Reached skill level 13 in Axes
 10811 | Lair:1   | Entered Level 1 of the Lair of Beasts
 10875 | Lair:1   | Reached skill level 10 in Armour
 11915 | Lair:3   | Found a staircase to the Swamp.
 13321 | Lair:4   | Found a staircase to the Snake Pit.
 13761 | Orc:1    | Entered Level 1 of the Orcish Mines
 13782 | Orc:1    | Found a roughly hewn altar of Beogh.
 13910 | Orc:1    | Found a roughly hewn altar of Beogh.
 14267 | Orc:2    | Entered Level 2 of the Orcish Mines
 14267 | Orc:2    | Found Gunitos's Jewellery Emporium.
 14269 | Orc:2    | Found a staircase to the Elven Halls.
 14400 | Orc:2    | Reached skill level 14 in Axes
 14400 | Orc:2    | Gained mutation: You resist negative energy. (rN+) [Deep
                  | Dwarf growth]
 14400 | Orc:2    | Reached XP level 14. HP: 132/138 MP: 7/7
 14566 | Orc:2    | Found Ynykair's Antique Weapon Boutique.
 14591 | Orc:2    | Found Guts's Book Shoppe.
 14602 | Orc:2    | Found Fountyf's Distillery.
 14602 | Orc:2    | Found Reseh's Jewellery Emporium.
 15203 | Snake:1  | Entered Level 1 of the Snake Pit
 15257 | Snake:1  | Found a shimmering altar of Xom.
 15327 | Snake:1  | Noticed Louise
 15359 | Snake:1  | Killed Louise
 15518 | Snake:1  | Reached skill level 10 in Shields
 15833 | Snake:3  | Reached skill level 15 in Axes
 15938 | Snake:3  | Reached XP level 15. HP: 106/147 MP: 6/6
 16007 | Snake:4  | Entered Level 4 of the Snake Pit
 16374 | Snake:4  | Noticed a nagaraja
 16392 | Snake:4  | Killed a nagaraja
 16396 | Snake:4  | Found a runed translucent door.
 16409 | Snake:4  | Noticed p0werm0de's ghost (adept MiFi)
 16495 | Snake:4  | Reached skill level 1 in Evocations
 16508 | Snake:4  | Noticed a nagaraja
 16511 | Snake:4  | Noticed a nagaraja
 16526 | Snake:4  | Killed a nagaraja
 16529 | Snake:4  | Killed a nagaraja
 16537 | Snake:4  | Noticed a nagaraja
 16585 | Snake:4  | Killed a nagaraja
 16785 | Snake:4  | Noticed a nagaraja
 16789 | Snake:4  | Got a serpentine rune of Zot
 16798 | Snake:4  | Noticed a nagaraja
 17004 | Swamp:1  | Entered Level 1 of the Swamp
 17077 | Swamp:2  | Found a burning altar of Makhleb.
 17118 | Swamp:2  | Reached skill level 16 in Axes
 17118 | Swamp:2  | Reached XP level 16. HP: 158/158 MP: 1/1
 17229 | Swamp:2  | Reached skill level 10 in Dodging
 17611 | Swamp:4  | Entered Level 4 of the Swamp
 17620 | Swamp:4  | Reached skill level 5 in Evocations
 17836 | Swamp:4  | Acquired 1019 gold pieces
 17985 | Swamp:4  | Noticed the 27-headed Lernaean hydra
 18316 | Swamp:4  | Identified the Guide on Arcane Weapons
 18419 | Swamp:4  | Killed the 26-headed Lernaean hydra
 18431 | Swamp:4  | Got a decaying rune of Zot
 18807 | Depths:1 | Entered Level 1 of the Depths
 18843 | Depths:1 | Got a pair of pitted boots
 18844 | Depths:1 | Identified the cursed +0 pair of boots of Usuvon {Harm
                  | rPois Str+4 Int+2} (You found it on level 1 of the Depths)
 18866 | Depths:1 | Found a one-way gate to the infinite horrors of the Abyss.
 18908 | Depths:1 | Voluntarily entered the Abyss.
 18975 | Abyss:1  | Noticed a tentacled starspawn
 18984 | Abyss:1  | Killed a tentacled starspawn
 19017 | Abyss:1  | Found a corrupted altar of Lugonu.
 19111 | Abyss:1  | Found a corrupted altar of Lugonu.
 19121 | Abyss:1  | Found a corrupted altar of Lugonu.
 19130 | Abyss:1  | Gained mutation: Your body sometimes deteriorates upon
                  | taking damage. [a neqoxec]
 19151 | Abyss:1  | Noticed a bone dragon
 19156 | Abyss:1  | Paralysed by accursed screaming for 1 turns
 19811 | Abyss:2  | Noticed a tentacled starspawn
 19817 | Abyss:2  | Killed a tentacled starspawn
 19817 | Abyss:2  | Reached XP level 17. HP: 163/168 MP: 2/2
 19886 | Abyss:2  | Gained mutation: You are dopey. (Int -2) [a neqoxec]
 20035 | Abyss:2  | Reached skill level 15 in Fighting
 20109 | Abyss:3  | Found a corrupted altar of Lugonu.
 20168 | Depths:1 | Escaped the Abyss
 20255 | Depths:1 | Found a one-way gate leading to the halls of Pandemonium.
 20262 | Depths:1 | Quit the game

Illustrated notes

Levels and vault maps discovered:
D:1:      minmay_arrival_radiant_lines, layout_basic
D:2:      layout_basic, minmay_liquid_box, uniq_natasha
D:3:      layout_basic, fedhas_altar_fruit_tree, uniq_terence
D:4:      minmay_octagon_keep, layout_basic, minmay_temple_entry_stoned_glass,
          gup_sewer_entry_bubbles
D:5:      layout_gridville, old_standard_altar, ebering_ghost_reflecting_pool
D:6:      wander_river, layout_basic, gammafunk_ghost_arena
D:7:      layout_loops_ring, kennysheep_crisscross
D:8:      layout_gridville, grunt_lair_entry_orc_guard_hut, enter_ossuary_5,
          guppyfry_shop_venom
D:9:      layout_basic, minmay_orc_entry_temple_small
D:10:     layout_stronghold, minivault_23, elyvilon_altar_4
D:11:     minmay_gate_of_8, layout_loops_corners, palyth_stone_intersect,
          library_closet, minivault_14
D:12:     layout_stronghold
D:13:     layout_loops_ring
D:14:     layout_roguey, david_vaults_5, blue_anna_alchemist
          [blue_anna_fruit_fields, blue_anna_fruit_fields], uniq_frances,
          uniq_nessos
D:15:     grunt_enter_depths_hoard, layout_layer_cave, minivault_5, minivault_20
Temple:   regret_index_temple_sigil_plot
Lair:1:   layout_chaotic_city, minmay_lair_oklob_chamber,
          infiniplex_staircase_pool, serial_bayou_shore_a, grunt_megastairs_2,
          serial_bayou_shore_b
Lair:2:   layout_gridlike, minmay_shattered_shrine, grunt_megastairs_4
Lair:3:   layout_layer_cave, minmay_swamp_entry_swarm, lemuel_fruit_tree,
          serial_bayou_shore_b
Lair:4:   beast_lair_carwin_large_1, layout_loops_ring,
          guppyfry_snake_entry_garden, minmay_hedge_maze
Swamp:1:  layout_falls_marsh, ebering_ghost_funeral_grove,
          nicolae_swamp_dense_foliage, swamp_pool1, st_shrine_of_shade
Swamp:2:  layout_falls_marsh, evilmike_swamp_ruin_rubble_1, swamp_pool1,
          lemuel_altar_in_water
Swamp:3:  layout_falls_marsh, evilmike_swamp_ruin_house_6
Swamp:4:  grunt_swamp_rune_castle, layout_basic_swamp
Snake:1:  skrybe_snakes_to_sticks, layout_gridlike, grunt_ministairs_2,
          nicolae_snake_linked_coils, uniq_louise
Snake:2:  layout_grid_shapes, lightli_airlock
Snake:3:  layout_basic, serial_bayou_shore_b
Snake:4:  snake_pit, layout_misc_corridors, ebering_ghost_reflecting_pool,
          serial_bayou_crossing
Orc:1:    layout_caves, basic_altar, bh_open_orc_temple
Orc:2:    st_orc_ogre_mass, layout_caves, serial_shops, shop_statue,
          roderic_batcave
Depths:1: layout_gridlike, enter_ziggurat_a, minmay_room_of_horrors,
          rand_demon_pan_entry_5, chequers_serial_rivers_large_a, hell_entry,
          firewood_loft

Skill      XL: |  1  2  3  4  5  6  7  8  9 10 11 12 13 14 15 16 17 |
---------------+----------------------------------------------------+-----
Fighting       | 3 4 5 6 7 8 10 11 12 13 14 15 | 15.1
Axes           | 3 4 5 6 7 9 10 11 12 14 15 16 | 16.0
Armour         | 4 5 6 7 9 10 11 12 13 | 13.2
Shields        | 4 5 6 7 8 9 10 11 12 | 12.3
Invocations    | 1 2 4 6 7 9 10 11 12 13 14 | 14.5
Dodging        | 2 4 6 7 8 9 11 | 11.0
Evocations     | 3 7 8 |  8.3

Action                   |  1- 3 |  4- 6 |  7- 9 | 10-12 | 13-15 | 16-18 || total
-------------------------+-------+-------+-------+-------+-------+-------++-------
Melee: War axe           |    94 |   158 |   422 |   821 |  1242 |   612 ||  3349
Invok: Lesser Servant of |       |       |       |       |     4 |       ||     4
       Greater Servant o |       |       |       |       |     4 |       ||     4
 Abil: Heal Wounds       |     2 |     5 |    21 |    10 |    30 |     8 ||    76
Evoke: Wand              |       |       |       |       |     6 |     2 ||     8
  Use: Scroll            |       |       |    13 |    14 |    16 |     5 ||    48
       Potion            |       |       |       |     2 |     6 |     9 ||    17
 Stab: Petrified         |       |       |       |       |     6 |       ||     6
       Distracted        |       |       |       |       |     2 |       ||     2
       Petrifying        |       |       |       |       |     1 |       ||     1
Armor: Plate armour      |    94 |   125 |   258 |   500 |   410 |   653 ||  2040
       Scale mail        |     7 |       |       |       |       |       ||     7
       Chain mail        |       |       |       |       |   290 |       ||   290
Dodge: Dodged            |    11 |    36 |    76 |   222 |   591 |   590 ||  1526
Block: Kite shield       |    61 |    89 |   251 |   494 |   853 |   570 ||  2318

Table legend: (Time is in decaauts)
 A = Elapsed time spent in this place.
 B = Non-inter-level travel time spent in this place.
 C = Inter-level travel time spent in this place.
 D = Time resting spent in this place.
 E = Time spent auto-exploring this place.
 F = Levels seen in this place.
 G = Mean time per level.
                   A        B        C        D        E       F      G
               +--------+--------+--------+--------+--------+-----+--------+
         Total |  20229 |  18309 |   1920 |    921 |  12102 |  35 |  578.0 |
       Dungeon |  11067 |   9953 |   1114 |    128 |   7187 |  15 |  737.8 |
        Temple |     98 |     61 |     37 |      0 |     59 |   1 |   98.0 |
          Lair |   3068 |   2761 |    307 |      0 |   2307 |   4 |  767.0 |
         Swamp |   1503 |   1313 |    190 |    294 |    546 |   4 |  375.8 |
     Snake Pit |   1615 |   1396 |    219 |      0 |    741 |   4 |  403.8 |
  Orcish Mines |   1270 |   1219 |     51 |      0 |    738 |   2 |  635.0 |
        Depths |    162 |    162 |      0 |      0 |     65 |   1 |  162.0 |
         Abyss |   1204 |   1204 |      0 |    499 |    418 |   3 |  401.3 |
       Ossuary |    240 |    240 |      0 |      0 |     40 |   1 |  240.0 |
               +--------+--------+--------+--------+--------+-----+--------+

Top non-repeatable levels by time:
     D:8: 1385 daAuts
    D:10: 1095 daAuts
  Lair:3: 1077 daAuts
    D:12: 1044 daAuts
  Lair:2: 1034 daAuts
    D:15: 1011 daAuts
    D:11: 1001 daAuts
    D:13: 859 daAuts
     D:6: 852 daAuts
 Swamp:4: 830 daAuts
 Abyss:1: 829 daAuts
    D:14: 809 daAuts
  Lair:4: 772 daAuts
   Orc:2: 772 daAuts
     D:7: 762 daAuts
